 Dungeon Crawl Stone Soup version 0.30-a0-23-ge60ba3568b (webtiles) character file.

Game seed: 15799071481361766593

56 SensoryNuts the Trooper (level 3, -3/40 HPs)
             Began as an Ogre Fighter on Aug 25, 2022.
             Killed from afar by Sigmund (9 damage)
             ... with a magic dart
             ... on level 2 of the Dungeon.
             The game lasted 00:01:19 (1235 turns).

SensoryNuts the Trooper (Ogre Fighter)              Turns: 1235, Time: 00:01:19

Health: -3/40      AC:  5    Str: 22    XL:     3   Next: 97%
Magic:  3/3        EV:  8    Int:  9    God:
Gold:   82         SH:  0    Dex:  8    Spells: 2/2 levels left

rFire   . . .      SeeInvis .    a - +0 flail
rCold   . . .      Faith    .    c - +0 kite shield
rNeg    . . .      Spirit   .    b - +0 robe
rPois   .          Reflect  .    (helmet restricted)
rElec   .          Harm     .    g - +1 cloak {Stlth+}
rCorr   .          Rampage  .    (gloves unavailable)
Will    .....                    (boots unavailable)
Stlth   ++........               (no amulet)
HPRegen 0.13/turn                (no ring)
MPRegen 0.08/turn                (no ring)

@: confused, brilliant
A: large, unfitting armour, tough skin 1
a: no special abilities


You were on level 2 of the Dungeon.
You visited 1 branch of the dungeon, and saw 2 of its levels.

You collected 82 gold pieces.

Inventory:

Hand Weapons
 a - a +0 flail (weapon)
Armour
 b - a +0 robe (worn)
 c - a +0 kite shield (worn)
 g - a +1 cloak of stealth (worn)
Scrolls
 h - 2 scrolls of identify {unknown}
 k - a scroll of enchant armour {unknown}
 l - a scroll of teleportation {unknown}
 m - a scroll of fear {unknown}
Potions
 d - 2 potions of might
 i - 2 potions of attraction {unknown}
 j - a potion of mutation {unknown}
 n - a potion of degeneration {unknown}


   Skills:
 + Level 4.4 Fighting
 * Level 2.7 Maces & Flails
 + Level 3.0 Dodging
 + Level 0.1 Stealth
 + Level 3.5 Shields


You had 2 spell levels left.
You didn't know any spells.
Your spell library was empty.

Dungeon Overview and Level Annotations

Branches:
Dungeon (2/15)

Altars:

Annotations:
D:2 Sigmund


Innate Abilities, Weirdness & Mutations

You are too large for most types of armour.
You have tough skin. (AC +1)


Message History

You feel less confused. Something hits you.
You closely miss something. You miss something. Something hits you.
You closely miss something.
You hear some strange, mumbled words.
A magic dart appears from out of thin air!
The magic dart hits you.
You hear some strange, mumbled words.
Something tries to affect you, but you resist.
You hit something but do no damage. Something hits you but does no damage.
You miss something. Something hits you.
You barely miss something.
You hear some strange, mumbled words.
Something tries to affect you, but you resist.
Something hits you. x2
You are confused.
You bump into the rock wall.
Something hits you.
You're too confused to move!
You feel less confused. Something hits you!
* * * LOW HITPOINT WARNING * * *
It was a potion of brilliance.
You feel clever all of a sudden.
It was a potion of curing.
You feel better. Something hits you.
* * * LOW HITPOINT WARNING * * *
Okay, then.
You see here a +0 club.
A magic dart appears from out of thin air!
The magic dart hits you.
* * * LOW HITPOINT WARNING * * *
You are confused.
Sigmund appears from thin air!
Reactivating autopickup.
Sigmund giggles. "Time to reap what you sow."
You're too confused to move!
Sigmund gestures at you while chanting. The magic dart hits you!
You die...

#.......###.....#
#.......# ##...##
#....)..# ##....
#.......# ###.#
####.#.....### .#
..#.#.......# .
#.#.......#.#
#..#####.##.....##.###...
........@....#..........#
..##.##.##.†.#.##.###...#
#.......###....<..# ..
#.#..##.# ##.######
##.#.###@# #.#
#......).####.###
#........##.....#
#.##.##.###.....#
#.##.##.# #.....#


You could see Sigmund.

Vanquished Creatures
  Terence (D:2)
  5 ball pythons (D:1)
  An endoplasm (D:2)
  2 giant cockroaches
  5 goblins
  2 hobgoblins
  4 kobolds
  3 quokkas
  2 bats
  3 frilled lizards
  3 rats (D:1)
31 creatures vanquished.

Notes
Turn   | Place    | Note
-------+----------+-------------------------------------------
     0 | D:1      | SensoryNuts the Ogre Fighter began the quest for the Orb.
     0 | D:1      | Reached XP level 1. HP: 24/24 MP: 1/1
   275 | D:1      | Reached XP level 2. HP: 32/32 MP: 2/2
   863 | D:1      | Found a faded altar of an unknown god.
  1070 | D:2      | Reached XP level 3. HP: 39/39 MP: 3/3
  1086 | D:2      | Noticed Terence
  1094 | D:2      | Killed Terence
  1198 | D:2      | Noticed Sigmund
  1235 | D:2      | Killed from afar by Sigmund

Illustrated notes

Levels and vault maps discovered:
D:1:      lemuel_arrival_rhombus, layout_loops_ring,
          shapermc_ecumenical_altar_mp_urbaneastern, minmay_fountain_box,
          hangedman_decor_diamond_cutter
D:2:      layout_loops_cross, uniq_sigmund, uniq_terence

Skill      XL: |  1  2  3 |
---------------+----------+-----
Maces & Flails | 2 |  2.7
Dodging        | 3 |  3.0
Fighting       | |  4.4
Stealth        | |  0.1
Shields        | |  3.5

Action                   || total
-------------------------++-------
Melee: Flail             ||    90
  Use: Potion            ||     3
 Stab: Sleeping          ||     1
Armor: Robe              ||    32
Dodge: Dodged            ||    26
Block: Kite shield       ||    36

Table legend: (Time is in decaauts)
 A = Elapsed time spent in this place.
 B = Non-inter-level travel time spent in this place.
 C = Inter-level travel time spent in this place.
 D = Time resting spent in this place.
 E = Time spent auto-exploring this place.
 F = Levels seen in this place.
 G = Mean time per level.
                   A        B        C        D        E       F      G
               +--------+--------+--------+--------+--------+-----+--------+
         Total |   1273 |   1273 |      0 |      0 |    981 |   2 |  636.5 |
       Dungeon |   1273 |   1273 |      0 |      0 |    981 |   2 |  636.5 |
               +--------+--------+--------+--------+--------+-----+--------+

Top non-repeatable levels by time:
     D:1: 1090 daAuts
     D:2: 183 daAuts
